 Dungeon Crawl Stone Soup version 0.16.1-16-gc44b35d (webtiles) character file.

698 KarvaRausku the Carver (level 7, -4/61 HPs)
             Began as a Deep Dwarf Fighter on Apr 16, 2015.
             Was a Follower of Yredelemnul.
             Splashed by a jelly's acid (10 damage)
             ... on level 5 of the Dungeon.
             The game lasted 00:10:12 (3915 turns).

KarvaRausku the Carver (Deep Dwarf Fighter)         Turns: 3915, Time: 00:10:12

Health: -4/61      AC: -8    Str: 21    XL:     7   Next: 38%
Magic:  6/6        EV:  7    Int:  9    God:    Yredelemnul [*.....]
Gold:   115        SH:  9    Dex: 12    Spells: 0 memorised, 6 levels left

rFire  . . .     SeeInvis .     a - +0 long sword
rCold  . . .     Clarity  .     b - +0 scale mail
rNeg   . . .     SustAb   .     c - +0 shield
rPois  .         Gourm    .     (no helmet)
rElec  .         Spirit   .     (no cloak)
rCorr  .         Warding  .     (no gloves)
rMut   .         Stasis   +     (no boots)
MR     +....                    v - amulet of stasis
Stlth  ..........               (no ring)
                                (no ring)

@: corroded equipment, non-regenerating, somewhat resistant to hostile
enchantments, extremely unstealthy
A: damage resistance, recharge devices, sense surroundings 1, slow healing 3
a: Device Recharging, Animate Remains, Renounce Religion


You were on level 5 of the Dungeon.
You worshipped Yredelemnul.
Yredelemnul was aware of your devotion.
You were not hungry.

You visited 1 branch of the dungeon, and saw 5 of its levels.

You collected 115 gold pieces.

Inventory:

Hand weapons
 a - a +0 long sword (weapon)
Armour
 b - a +0 scale mail (worn)
 c - a +0 shield (worn)
Jewellery
 v - an amulet of stasis (around neck)
Magical devices
 d - a wand of heal wounds (1)
 C - a wand of paralysis (9)
 D - a wand of confusion (15)
Scrolls
 g - 5 scrolls of remove curse {unknown}
 i - 2 scrolls of amnesia {unknown}
 j - 2 scrolls of enchant weapon {unknown}
 k - a scroll of enchant armour {unknown}
 l - 2 scrolls of recharging {unknown}
 m - 2 scrolls of magic mapping {unknown}
 n - 4 scrolls of identify {unknown}
 q - 3 scrolls of teleportation {unknown}
 t - a scroll of random uselessness {unknown}
 y - 3 scrolls of noise {unknown}
Potions
 e - a potion of might
 h - 3 potions of cancellation {unknown}
 o - a potion of brilliance {unknown}
 p - a potion of restore abilities {unknown}
 r - a potion of curing {unknown}
 u - 2 potions of agility {unknown}
 w - a potion of haste {unknown}
 A - a potion of poison {unknown}
 B - 2 potions of heal wounds {unknown}
 E - a potion of lignification {unknown}
Comestibles
 f - 4 bread rations
 x - 4 fruits
 z - a meat ration


   Skills:
 - Level 2.6 Fighting
 + Level 8.4 Long Blades
 - Level 3.2 Armour
 - Level 3.2 Shields


You had 6 spell levels left.
You didn't know any spells.

Dungeon Overview and Level Annotations

Branches:
Dungeon (5/15)
 Temple: D:4-7

Altars:
Ashenzari
Cheibriados
Dithmenos
Fedhas
Kikubaaqudgha
Makhleb
Nemelex Xobeh
Sif Muna
Xom
Yredelemnul
Zin

Annotations:
D:2 exclusion: oklob plant


Innate Abilities, Weirdness & Mutations

You are resistant to damage.
You can recharge devices by infusing magical energy.
You passively map a small area around you.
You do not heal naturally.


Message History

A jelly comes into view.
You block the jelly's attack.
You hit the jelly but do no damage. The acid corrodes your equipment!
The jelly hits you.
You are splashed with acid!
The acid corrodes your equipment!
The acid burns!
You slash the jelly!
The jelly is severely wounded.
The jelly hits you.
You are splashed with acid!
The acid corrodes your equipment!
The acid burns!
You hit the jelly but do no damage.
The jelly is severely wounded.
The jelly hits you.
You are splashed with acid!
The acid burns!
* * * LOW HITPOINT WARNING * * *
You are too injured to fight recklessly!
You are too injured to fight recklessly!
The jelly hits you.
* * * LOW HITPOINT WARNING * * *
You are splashed with acid!
The acid burns!
You die...
Your body rises from the dead as a mindless zombie.

.####.###.####.#####. ##
###.#.##..........#.#
*..###.........##.#.# *,
#.#.#.#######..##.#.# *
#.*#.###.# #.(##.#.# ,
#.##....#.###.....#.####
#......###.....##......#
#####.#.#.#
#..##......###.# ,
#.##).# #.>@J..........#
#.##..###..##......#####
#.##...............#
#.##.[..#....#####.#
........##.#..#.......#
###.##........>#######
#..........###
#.#####.##.#** * *
#......


You could see a jelly.

Vanquished Creatures
  An ogre (D:5)
  Sigmund (D:5)
  A hound (D:4)
  4 worker ants
  An orc priest (D:4)
  An iguana (D:4)
  3 orc wizards
  10 adders
  6 gnolls (D:3)
  2 giant mites (D:3)
  4 worms
  An adder zombie (D:5)
  3 giant geckos (D:2)
  8 orcs
  21 bats
  A bat zombie (D:5)
  3 giant cockroaches
  10 hobgoblins
  4 jackals (D:2)
  3 quokkas
  5 giant newts
  2 gnoll zombies (D:3)
  6 goblins
  A jackal skeleton (D:5)
  8 kobolds
  A quokka zombie (D:5)
  11 rats
122 creatures vanquished.

Vanquished Creatures (others)
  15 toadstools (D:2)
15 creatures vanquished.

Grand Total: 137 creatures vanquished

Notes
Turn   | Place    | Note
--------------------------------------------------------------
     0 | D:1      | KarvaRausku, the Deep Dwarf Fighter, began the quest for the Orb.
     0 | D:1      | Reached XP level 1. HP: 20/20 MP: 1/1
   149 | D:1      | Reached XP level 2. HP: 22/27 MP: 2/2
   292 | D:1      | Found a shattered altar of Ashenzari.
   643 | D:2      | Reached XP level 3. HP: 23/33 MP: 3/3
   743 | D:2      | Reached skill level 4 in Long Blades
   777 | D:2      | Found a snail-covered altar of Cheibriados.
   799 | D:2      | Found an ancient bone altar of Kikubaaqudgha.
   800 | D:2      | Found a deep blue altar of Sif Muna.
   892 | D:2      | Reached XP level 4. HP: 26/40 MP: 4/4
   901 | D:2      | Found a blossoming altar of Fedhas.
   913 | D:2      | Noticed an oklob plant
  1690 | D:3      | Noticed an orc warrior
  1803 | D:3      | Reached skill level 5 in Long Blades
  1809 | D:3      | Reached XP level 5. HP: 42/46 MP: 5/5
  1834 | D:3      | Found a basalt altar of Yredelemnul.
  1851 | D:3      | Became a worshipper of Yredelemnul the Dark
  2078 | D:3      | Reached skill level 6 in Long Blades
  2135 | D:3      | Found a glowing drain.
  2482 | D:3      | Reached XP level 6. HP: 43/55 MP: 5/5
  2845 | D:4      | Reached skill level 7 in Long Blades
  2853 | D:4      | Acquired Yredelemnul's first power
  3027 | D:4      | Found a shimmering altar of Xom.
  3098 | D:4      | Found a burning altar of Makhleb.
  3134 | D:4      | Found a sparkling altar of Nemelex Xobeh.
  3262 | D:4      | Found a shadowy altar of Dithmenos.
  3552 | D:5      | Entered Level 5 of the Dungeon
  3735 | D:5      | Found a glowing silver altar of Zin.
  3827 | D:5      | Noticed Sigmund
  3844 | D:5      | Killed Sigmund
  3844 | D:5      | Reached XP level 7. HP: 39/61 MP: 6/6
  3867 | D:5      | Reached skill level 8 in Long Blades
  3915 | D:5      | Splashed by a jelly's acid

Action                   |  1- 3 |  4- 6 |  7- 9 || total
-------------------------+-------+-------+-------++-------
Melee: Long sword        |   123 |   359 |    19 ||   501
 Abil: Device Recharging |       |     1 |       ||     1
Evoke: Wand              |     2 |     7 |     1 ||    10
  Use: Potion            |       |     1 |       ||     1
 Stab: Paralysed         |       |     5 |       ||     5
  Eat: Chunk             |       |     8 |     1 ||     9
       Royal jelly       |       |     1 |       ||     1
